Cogmind - Beta 10.2 @@@ ROGUE MODE // 2021.05.18 @ 18:45:28 Player: MistressMomoko Result: Destroyed by H-55 Commando with Gauss Rifle Performance ------------- Evolutions (2) 1000 Regions Visited (5) 1000 Robots Destroyed (27) 135 Value Destroyed (588) 588 Prototype IDs (0) 0 Alien Tech Used (0) 0 Bonus (0) 0 TOTAL SCORE: 2723 Bonus ------- None Cogmind --------- Core Integrity 0/550 Matter 232/300 Energy 100/100 System Corruption 0% Temperature Cool (5) Movement Core (50) Location -8/Storage Parts ------- > --- POWER (1) -------- (None) > --- PROPULSION (3) --- (None) > --- UTILITY (4) ------ Improved Targeting Computer > --- WEAPON (3) ------- (None) > --- INVENTORY (4) ---- Aluminum Leg System Shield Drone Bay (0/2) Peak State ------------ > --- POWER ------------ Light Nuclear Core > --- PROPULSION ------- Advanced Treads > --- UTILITY ---------- Small Storage Unit Improved Targeting Computer Improved ECM Suite Hardened Medium Armor Plating > --- WEAPON ----------- Gatling Laser Light Assault Rifle Improved Light Cannon > --- INVENTORY -------- Aluminum Leg Improved Hover Unit Improved Hover Unit System Shield [Rating: 22] Favorites ----------- Power Light Ion Engine Engine Light Ion Engine Power Core Light Nuclear Core Propulsion Aluminum Leg Treads Light Treads Leg Aluminum Leg Hover Unit Improved Hover Unit Utility Small Storage Unit Device High-powered Tractor Beam Storage Small Storage Unit Processor Improved Targeting Computer Protection Hardened Light Armor Plating Weapon Light Assault Rifle Energy Gun Small Laser Ballistic Gun Light Assault Rifle Ballistic Cannon Improved Light Cannon Launcher Grenade Launcher Build | -11 -10 -10 -9 -8 -8 ------- Run | Scr Mat Min Mat Mat Sto Slots Evolved 4 | . . . 2 2 . Power . | . . . . . . Propulsion 1 | . . . . 1 . Utility 2 | . . . 2 . . Weapon 1 | . . . . 1 . Parts Attached 33 | 4 5 . 9 12 3 Power 3 | 1 . . . 2 . Engine 2 | 1 . . . 1 . Core 1 | . . . . 1 . Reactor . | . . . . . . Propulsion 9 | 2 2 . 2 3 . Treads 3 | 2 . . . 1 . Leg 2 | . . . 2 . . Wheel . | . . . . . . Hover 4 | . 2 . . 2 . Flight . | . . . . . . Utility 11 | 1 1 . 3 3 3 Device 5 | . 1 . . 1 3 Storage 1 | 1 . . . . . Processor 1 | . . . . 1 . Hackware . | . . . . . . Protection 4 | . . . 3 1 . Artifact . | . . . . . . Weapon 10 | . 2 . 4 4 . Energy Gun 3 | . 1 . 1 1 . Energy Cannon . | . . . . . . Ballistic Gun 5 | . 1 . 1 3 . Ballistic Cannon 1 | . . . 1 . . Launcher 1 | . . . 1 . . Special Weapon . | . . . . . . Impact Weapon . | . . . . . . Slashing Weapon . | . . . . . . Piercing Weapon . | . . . . . . Special Melee Weapon . | . . . . . . Unidentified Prototypes . | . . . . . . Parts Lost 24 | . 2 . 5 9 8 Power 3 | . . . 1 2 . Propulsion 3 | . . . . 1 2 Utility 9 | . . . 2 3 4 Weapon 9 | . 2 . 2 3 2 Highest Loss Streak 7 | . 2 . 3 4 7 Average Slot Usage (%) 81 | . 83 100 91 75 50 Engine 7 | . 14 14 7 4 . Core 1 | . . . . 3 . Treads 7 | . 25 . . 6 . Leg 8 | . . . 20 3 . Hover 2 | . 2 28 . . 12 Device 8 | . 1 14 10 8 11 Storage 10 | . 14 14 11 9 9 Processor 2 | . . . . 4 9 Protection 11 | . . . 20 12 . Energy Gun 6 | . 14 14 4 2 . Ballistic Gun 9 | . 9 14 8 11 8 Ballistic Cannon 2 | . . . . 6 . Launcher 2 | . . . 7 . . Naked Turns . | . . . . . . Heaviest Build 28 | 7 11 11 24 28 19 Greatest Support 40 | 40 40 16 20 22 16 Greatest Overweight (x) 3 | 1 1 . 1 1 3 Average Overweight (x) . | . . . . . . Largest Inventory Capacity 6 | 6 6 6 6 6 6 Average Capacity 5 | 5 6 6 6 6 5 Most Carried 6 | 6 6 6 6 6 3 Average Carried 4 | 3 5 6 5 4 2 Final Capacity 6 | 6 6 6 6 6 4 Final Carried 6 | 6 6 6 4 2 3 Class Distribution -------------------- 90% | Mutant 9% | Gunner Dominant Class ---------------- Mutant | -10/Materials Mutant | -10/Mines Mutant | -9/Materials Mutant | -8/Materials Mutant | -8/Storage Resources | -11 -10 -10 -9 -8 -8 ----------- Run | Scr Mat Min Mat Mat Sto Matter Collected 691 | 240 51 . 194 110 96 Remotely 159 | . . . 159 . . Salvage Created 634 | . 140 . 286 208 . Parts 47 | . 10 . 24 13 . Haulers Intercepted . | . . . . . . Recyclers Shooed 1 | . . . . 1 . Parts Field Recycled . | . . . . . . Retrieved Matter . | . . . . . . Parts Self-Destructed . | . . . . . . Prevented . | . . . . . . Kills | -11 -10 -10 -9 -8 -8 ------- Run | Scr Mat Min Mat Mat Sto Combat Hostiles Destroyed 22 | . 7 . 10 5 . Melee 2 | . . . 1 1 . Guns 14 | . 7 . 4 3 . Cannons 1 | . . . . 1 . AOE 5 | . . . 5 . . Classes Destroyed 6 | . 2 . 1 3 . Worker 3 | . . . 2 1 . Recycler 1 | . . . . 1 . Watcher 1 | . . . . 1 . Swarmer 12 | . 6 . 3 3 . Grunt 9 | . 1 . 7 1 . Hunter 1 | . . . . 1 . Best Kill Streak 6 | . 6 . 5 2 . Combat Bots Only 6 | . 6 . 3 2 . Max Kills in Single Turn 2 | . 2 . 2 1 . Gunslinging 1 | . 1 . . . . Exploded 2 | . . . 2 . . Melee 1 | . . . 1 1 . Uniques/NPCs Destroyed . | . . . . . . Combat | -11 -10 -10 -9 -8 -8 -------- Run | Scr Mat Min Mat Mat Sto Damage Taken 3438 | . 355 28 739 1495 821 Core 671 | . 49 . 54 260 308 Absorbed by Shields . | . . . . . . Core Remaining (%) 88 | 100 . 80 86 . . Volleys Fired 85 | . 20 . 27 37 1 Largest 3 | . 2 . 2 3 1 Hottest 139 | . 60 . 70 139 23 Shots Fired 175 | . 35 . 52 87 1 Gun 141 | . 35 . 39 66 1 Cannon 21 | . . . . 21 . Launcher 13 | . . . 13 . . Special . | . . . . . . Kinetic 112 | . 14 . 21 76 1 Thermal 42 | . 21 . 10 11 . Explosive 13 | . . . 13 . . Electromagnetic 8 | . . . 8 . . Robot Hit Streak 8 | . 5 . 5 8 3 Robot Miss Streak 9 | . 3 . 5 9 . Penetration Max . | . . . . . . Secondary Targets 1 | . 1 . . . . Max Gunslinging Chain 1 | . 1 . . . . Shots Hit Robots 101 | . 17 . 30 53 1 Core Hits 56 | . 8 . 21 24 3 Critical Hits 1 | . . . . 1 . Critical Kills . | . . . . . . Critical Parts Destroyed 1 | . . . . 1 . Melee Attacks . | . . . . . . Impact . | . . . . . . Slashing . | . . . . . . Piercing . | . . . . . . Sneak Attacks . | . . . . . . Combat Hostiles . | . . . . . . Follow-up Attacks . | . . . . . . Damage Inflicted 1961 | . 220 . 719 994 28 Guns 864 | . 220 . 206 418 20 Cannons 194 | . . . . 194 . Explosions 862 | . . . 483 379 . Melee . | . . . . . . Ramming 41 | . . . 30 3 8 Kinetic 632 | . 101 . 100 411 20 Thermal 648 | . 119 . 44 485 . Explosive 483 | . . . 483 . . Electromagnetic 157 | . . . 62 95 . Impact . | . . . . . . Slashing . | . . . . . . Piercing . | . . . . . . Highest Corruption 2 | . . . 2 . . Average Corruption 2 | . . . 2 . . Corruption Purged . | . . . . . . Overload Shots . | . . . . . . Overflow Damage 72 | . . . 4 68 . Projectiles 2 | . . . . 2 . Explosions 70 | . . . 4 66 . Melee . | . . . . . . Knockbacks 2 | . . . . 2 . Impact . | . . . . . . Kinetic 2 | . . . . 2 . Secondary . | . . . . . . Self-Inflicted Damage 209 | . . . 150 55 4 Shots 7 | . . . 5 2 . Rammed 14 | . . . 7 3 4 Targets Rammed 18 | . . . 11 3 4 Kicked 4 | . . . 4 . . Crushed . | . . . . . . Highest Temperature 390 | . 14 . 90 390 8 Average Temperature 79 | . 9 . 32 110 6 Received Heat Transfer 798 | . 24 15 201 153 405 Effects 4 | . . . . 4 . Shutdowns 1 | . . . . 1 . Energy Bleed 1 | . . . . 1 . Interference 2 | . . . . 2 . Siege Activations . | . . . . . . Robots Corrupted . | . . . . . . Combat Hostiles . | . . . . . . Parts Fried . | . . . . . . Impact Corruptions . | . . . . . . Robots Melted . | . . . . . . Combat Hostiles . | . . . . . . Parts Melted 2 | . 1 . . 1 . Heat Transferred 1184 | . 384 . 100 700 . Parts Sabotaged . | . . . . . . Parts Stolen . | . . . . . . Parts Stripped . | . . . . . . Power Chain Reactions 1 | . . . . 1 . Missiles Intercepted . | . . . . . . Alert | -11 -10 -10 -9 -8 -8 ------- Run | Scr Mat Min Mat Mat Sto Peak Influence 341 | . 165 64 259 341 138 Initial 93 | . . 64 24 48 93 Average 132 | . 92 64 150 185 106 Maximum Alert Level 1 | . . . 1 1 . Low Security (%) 78 | 100 100 100 76 55 100 Level 1 21 | . . . 23 45 . Level 2 . | . . . . . . Level 3 . | . . . . . . Level 4 . | . . . . . . Level 5 . | . . . . . . High Security . | . . . . . . Max Security . | . . . . . . Squads Dispatched 11 | . 1 . 4 3 3 Investigation 1 | . . . . . 1 Extermination . | . . . . . . Reinforcement 7 | . 1 . 4 . 2 Assault . | . . . . . . Garrison 3 | . . . . 3 . Intercept . | . . . . . . Construction Impeded . | . . . . . . Haulers Reinforced . | . . . . . . Stealth | -11 -10 -10 -9 -8 -8 --------- Run | Scr Mat Min Mat Mat Sto Distress Signals 8 | . . . 5 3 . Communications Jammed . | . . . . . . Distress Signals . | . . . . . . Times Spotted 72 | . 8 2 29 21 12 Peak Tracking Total 10 | . 3 2 10 8 8 Tactical Retreats 5 | . . . . 5 . Traps | -11 -10 -10 -9 -8 -8 ------- Run | Scr Mat Min Mat Mat Sto Traps Triggered . | . . . . . . Indirectly . | . . . . . . Trap Hack Attempts . | . . . . . . Triggered . | . . . . . . Disarmed . | . . . . . . Reprogrammed 1 | . . . . . 1 Reused . | . . . . . . Traps Extracted . | . . . . . . Installed . | . . . . . . Triggered . | . . . . . . Machines | -11 -10 -10 -9 -8 -8 ---------- Run | Scr Mat Min Mat Mat Sto Machines Disabled 6 | . . . 2 4 . Max in Single Turn 2 | . . . 1 2 . Machines Sabotaged . | . . . . . . Garrisons Compromised . | . . . . . . Overloaded Fab Kills . | . . . . . . Fab Network Shutdowns . | . . . . . . Hacking | -11 -10 -10 -9 -8 -8 --------- Run | Scr Mat Min Mat Mat Sto Machines Accessed 7 | . 1 1 1 1 3 Terminals 4 | . . . 1 1 2 Fabricators . | . . . . . . Repair Stations 1 | . 1 . . . . Recycling Units 1 | . . . . . 1 Scanalyzers . | . . . . . . Garrison Access . | . . . . . . Total Hacks 18 | . 2 1 3 3 9 Successful 10 | . 1 1 2 2 4 Failed 8 | . 1 . 1 1 5 Catastrophic 1 | . . . 1 . . Database Lockouts . | . . . . . . Manual . | . . . . . . Terminals 12 | . . . 3 3 6 Fabricators . | . . . . . . Repair Stations 2 | . 2 . . . . Recycling Units 3 | . . . . . 3 Scanalyzers . | . . . . . . Garrison Access . | . . . . . . Terminal Hacks 8 | . . 1 2 2 3 Record 1 | . . . . . 1 Open Door 2 | . . 1 . . 1 Branch Access Points 1 | . . . . 1 . Locate Traps 1 | . . . . 1 . Reprogram Traps 1 | . . . . . 1 Dispatch Records 1 | . . . 1 . . Zone Layout 1 | . . . 1 . . Fabricator Hacks . | . . . . . . Repair Station Hacks 1 | . 1 . . . . Refit 1 | . 1 . . . . Recycling Unit Hacks 1 | . . . . . 1 Report Inventory 1 | . . . . . 1 Scanalyzer . | . . . . . . Garrison Access Hacks . | . . . . . . Unauthorized Hacks . | . . . . . . Terminals . | . . . . . . Fabricators . | . . . . . . Repair Stations . | . . . . . . Recycling Units . | . . . . . . Scanalyzers . | . . . . . . Garrison Access . | . . . . . . Data Cores Recovered . | . . . . . . Used . | . . . . . . Hacking Detections 5 | . . . 1 1 3 Full Trace Events 2 | . . . . . 2 Feedback Events . | . . . . . . Feedback Blocked . | . . . . . . Robot Schematics Acquired . | . . . . . . Robots Built . | . . . . . . Matter . | . . . . . . Time . | . . . . . . Total Robot Build Rating . | . . . . . . Part Schematics Acquired . | . . . . . . Parts Built . | . . . . . . Matter . | . . . . . . Time . | . . . . . . Total Part Build Rating . | . . . . . . Parts Repaired . | . . . . . . Time . | . . . . . . Parts Recycled . | . . . . . . Recycled Matter . | . . . . . . Retrieved Matter . | . . . . . . Retrieved Components . | . . . . . . Parts Scanalyzed . | . . . . . . Part Schematics Acquired . | . . . . . . Parts Damaged . | . . . . . . Bothacking | -11 -10 -10 -9 -8 -8 ------------ Run | Scr Mat Min Mat Mat Sto Used RIF Installer . | . . . . . . Robots Hacked . | . . . . . . Non-combat . | . . . . . . Combat . | . . . . . . Robot Hacks Applied . | . . . . . . Relay Couplers Released . | . . . . . . Robots Rewired . | . . . . . . Allies Hacked . | . . . . . . Hacks Repelled . | . . . . . . Allies | -11 -10 -10 -9 -8 -8 -------- Run | Scr Mat Min Mat Mat Sto Total Allies . | . . . . . . Largest Group . | . . . . . . Highest-Rated Group . | . . . . . . Highest-Rated Ally . | . . . . . . Total Orders . | . . . . . . Ally Attacks . | . . . . . . Total Damage . | . . . . . . Kills . | . . . . . . Allies Corrupted . | . . . . . . Allies Melted . | . . . . . . Intel | -11 -10 -10 -9 -8 -8 ------- Run | Scr Mat Min Mat Mat Sto Robot Analysis Total . | . . . . . . Derelict Logs Recovered . | . . . . . . Drone Launches 10 | . . . . . 10 Drone Recoveries 7 | . . . . . 7 Exploration | -11 -10 -10 -9 -8 -8 ------------- Run | Scr Mat Min Mat Mat Sto Turns Passed 1458 | 115 302 28 468 440 105 Spaces Moved 852 | 69 177 50 266 195 95 Core 16 | 10 . . . . 6 Treads 306 | 59 129 . . 118 . Legs 298 | . . . 248 50 . Wheels . | . . . . . . Hover 232 | . 48 50 18 27 89 Flight . | . . . . . . Fastest Speed 50 | 50 56 56 56 56 56 Average Speed 127 | 147 132 56 136 145 76 Slowest Speed 200 | 160 160 56 150 165 200 Overloaded Moves . | . . . . . . Propulsion Burnouts . | . . . . . . Robots Hopped . | . . . . . . Cave-ins Triggered . | . . . . . . Exploration Rate (%) 19 | 6 38 12 25 20 16 Regions Visited 5 Branch Regions 2 Pre-discovered Areas . | . . . . . . Known Exits Taken 1 | . . . . 1 . Unknown Exits Taken 4 | 1 1 1 1 . . Scrap Searched . | . . . . . . Spaces Dug . | . . . . . . Terrain Destroyed 99 | . . . 82 17 . Melee . | . . . . . . Projectile 1 | . . . . 1 . AOE 98 | . . . 82 16 . Terrain Rammed . | . . . . . . Walls Destroyed . | . . . . . . Machines Disabled . | . . . . . . Actions | -11 -10 -10 -9 -8 -8 --------- Run | Scr Mat Min Mat Mat Sto Total 1063 | 82 209 49 320 279 124 Wait 45 | . 4 . . 24 17 Move 847 | 68 176 49 265 194 95 Hop . | . . . . . . Pick Up 25 | 10 2 . 4 6 3 Fast Attach 9 | . 3 . 3 3 . Attach 23 | 4 2 . 6 8 3 Detach 1 | . . . . . 1 Swap 1 | . . . . 1 . Drop 9 | . 2 . 4 3 . Fire 85 | . 20 . 27 37 1 Melee . | . . . . . . Ram 4 | . . . . . 4 Kick 11 | . . . 11 . . Crush 3 | . . . . 3 . Escape Stasis . | . . . . . . Rewire . | . . . . . . Trap . | . . . . . . Miscellaneous . | . . . . . . Route ------- -11/Scrapyard -10/Materials (discovered 2 exits: *Mat / *Min) -10/Mines -9/Materials -8/Materials (discovered 2 exits: *Sto x2) -8/Storage History --------- Turn | Location | Event 11 | -11/Scrapyard | Discovered new exit (range 14) 116 | -11/Scrapyard | Entered Materials 304 | -10/Materials | Build established: Mutant 398 | -10/Materials | Discovered new exit (range 8) 405 | -10/Materials | Discovered new exit (range 14) 418 | -10/Materials | Entered Mines 428 | -10/Mines | Found the Drone Emporium 443 | -10/Mines | Discovered new exit (range 6) 446 | -10/Mines | Entered Materials 446 | -9/Materials | Evolved 2 slots: Utility x2 900 | -9/Materials | Discovered new exit (range 13) 904 | -9/Materials | Lost 3 parts (2u1w) 914 | -9/Materials | Entered another Materials area 914 | -8/Materials | Evolved 2 slots: Propulsion x1, Weapon x1 1093 | -8/Materials | Garrison activated, responded to threat 1167 | -8/Materials | Lost 3 parts (1p2u) 1172 | -8/Materials | Discovered new exit (range 15) 1233 | -8/Materials | Identified exit to Storage 1354 | -8/Materials | Entered Storage 1365 | -8/Storage | Core integrity fell below 50% 1399 | -8/Storage | Lost 5 parts (1p1n1u2w) 1447 | -8/Storage | Core integrity fell below 20% 1459 | -8/Storage | Destroyed by H-55 Commando with Gauss Rifle Last Messages --------------- 01422_ Drone destroyed. 01422_ Drone retrieved by Drone Bay. 01426_ Drone released from Drone Bay. 01427_ Drone retrieved by Drone Bay. 01434_ Slammed into Y-45 Defender. 01436_ Slammed into G-47 Trooper. 01436_ Shotgun destroyed. 01438_ Acquired 6 matter. 01442_ Drone Bay destroyed. 01444_ Imp. Hover Unit destroyed. 01445_ Drone released from Drone Bay. 01448_ Slammed into O-16 Technician. 01448_ Drone destroyed. 01450_ K-01 Serf collects debris. 01450_ Drone retrieved by Drone Bay. 01453_ Penetrated by Slug. 01456_ Drone Bay destroyed. 01458_ Sml. Storage Unit destroyed. 01459_ Slammed into A-02 Transporter. 01459_ Penetrated by Slug. Map ----- +----------------------------------------------------+ | ?????????????????????????????????????????????????? | | ?????????????????????????????????????????????????? | | ?????????????????????????????????????????????????? | | ?????????????????????????????????????????????????? | | ?????????????????????????????????????????????????? | | ?????????????????????????????????????????????????? | | ?????????????????????????????????????????????????? | | ?????????????????????????????????????????????????? | | ?????????????????????????????????????????????????? | | ?????????????????????????????????????????????????? | | ?????????????????????????????????????????????????? | | ????????????????????????? ???????????????????????? | | ????????????????????????? ???????????????????????? | | ????????????????????????? ???????????????????????? | | ????????????????????????? ???????????????????????? | | ????????????????????????# ???????????????????????? | | ????????????????????????# ???????????????????????? | | ????????????????????????# ???????????????????????? | | ????????????????????????#+####???????????????????? | | ????????????????????????+ #??????????????????? | | ????????????????????????#u """#??????????????????? | | ????????????????????????# h"""#??????????????????? | | ????????????????????????# """###########????????? | | ????????????????????????# # #????????? | | ????????????????????????# o"""# #????????? | | ????????????????????????#@a"""# """ #????????? | | ????????????????????????# """# """ #????????? | | ??????????????########### # """ ##???????? | | ??????????????# ## g # #???????? | | ??????????????# """ ## gggg# "Y" ##??????## | | ??????????????# """ ## g Y # """ #???????#" | | ??????????????# """ #####/#########+##########" | | ??????????????# # % | | ??????????????# """ ^+ | | ??????????????# """ # | | ??????????????# """ #######+#####"T"########### | | ??????????????# ####### %#??#"""#?????????? | | ??????????????####"T"####!!!!# #??#####?????????? | | ?????????????????#####??# #????????????????? | | ????????????????????????#! #T##????????????????? | | ????????????????????????########?????????????????? | | ?????????????????????????????????????????????????? | | ?????????????????????????????????????????????????? | | ?????????????????????????????????????????????????? | | | | | | | | | | | | | +----------------------------------------------------+ Best States ------------- Heat Dissipation 31 Energy Generation 14 Energy Capacity 160 Matter Stores 300 Matter Capacity 300 Sight Range 16 Terrain Scan Density 10 ECM Strength 2 Armor Coverage 375 Evasion (%) 53 Targeting Accuracy 6 Recoil Reduction 2 Item Schematics ----------------- None Robot Schematics ------------------ None Fabricated ------------ Nothing Alien Tech Used ----------------- None Achievements -------------- None Challenges ------------ None Game ------ Seed LightningFortressTorch Manual? 0 Play Time 00:27:11 Cumulative 11.5 hours Start 2021.05.18 @ 18:16:55 End 2021.05.18 @ 18:45:28 Sessions 1 Manual Loads 0 Difficulty Rogue Special Mode None Game No. 43 Rogue 43 Adventurer 0 Explorer 0 Win Type - Total 0 Types 0/0/0/0/0/0/0/0/0 Lore% 13 Gallery% 22 Achievement% 17 Wizard Run 0 Options --------- ASCII 1 Keyboard 0 Movement Mouse Keybinds 0 Fullscreen 1 Font 18/SmallcapsGlow Map View 76x50 Tactical HUD 1 Map Filters NONE Filters NONE Steam 1 RUN: 56f2afd5-3349-4d3a-9bb9-e6ccdd6d724d